 Dungeon Crawl Stone Soup version 0.23.2-40-g277498a001 (webtiles) character file.

Game seed: 4580025861612778550

214 Devam the Cudgeler (level 5, -5/38 HPs)
             Began as a Demonspawn Gladiator on Aug 23, 2019.
             Killed by divine providence
             ... invoked by an orc priest
              (16 damage)
             ... on level 3 of the Dungeon.
             The game lasted 00:11:08 (2790 turns).

Devam the Cudgeler (Demonspawn Gladiator)           Turns: 2790, Time: 00:11:08

Health: -5/38      AC:  8    Str: 16    XL:     5   Next: 59%
Magic:  5/5        EV: 11    Int:  9    God:
Gold:   126        SH:  4    Dex: 14    Spells: 4/4 levels left

rFire    . . .     SeeInvis .   a - +0 flail
rCold    . . .     Gourm    .   h - +0 buckler
rNeg     . . .     Faith    .   u - +0 ring mail
rPois    .         Spirit   .   (helmet restricted)
rElec    .         Reflect  .   (no cloak)
rCorr    .         Harm     .   n - +2 pair of gloves
MR       .....                  (no boots)
Stlth    ++........             (no amulet)
HPRegen  0.12/turn              (no ring)
MPRegen  0.09/turn              (no ring)

@: no status effects
A: antennae 1, nightstalker 1, powered by pain 1
a: no special abilities


You were on level 3 of the Dungeon.
You were not hungry.

You visited 1 branch of the dungeon, and saw 3 of its levels.

You collected 126 gold pieces.

Inventory:

Hand Weapons
 a - a +0 flail (weapon)
Missiles
 d - 2 throwing nets
 i - 21 stones (quivered)
 q - 5 javelins
 v - 10 poisoned needles
Armour
 h - a +0 buckler (worn)
 n - a +2 pair of gloves (worn)
 u - a +0 ring mail (worn)
Scrolls
 b - 2 scrolls of identify {unknown}
 c - a scroll of enchant armour
 e - a scroll of remove curse
 g - 2 scrolls of teleportation
 j - a scroll of blinking
 o - a scroll of random uselessness {unknown}
 p - a scroll of enchant weapon {unknown}
 r - a scroll of fog {unknown}
Potions
 k - 2 potions of heal wounds {unknown}
 l - a potion of lignification {unknown}
 m - a potion of might {unknown}
 s - 2 potions of curing {unknown}
Comestibles
 f - 7 rations
 t - 2 chunks of flesh


   Skills:
 - Level 2.0 Fighting
 + Level 5.5 Maces & Flails
 - Level 1.7 Throwing
 - Level 2.6 Dodging
 + Level 1.4 Shields


You had 4 spell levels left.
You didn't know any spells.
Your spell library was empty.

Dungeon Overview and Level Annotations

Branches:
Dungeon (3/15)

Altars:
Kikubaaqudgha

Annotations:
D:3 1 runed translucent door, MalarOregon's ghost, amateur MfGl


Innate Abilities, Weirdness & Mutations

You have a pair of small antennae on your head.
You are slightly more attuned to the shadows.
You sometimes gain a little power by taking damage.


Message History

You hit the orc priest.
The orc priest is moderately wounded.
The orc priest hits you with a +2 war axe of electrocution.
You hit the orc priest.
The orc priest is moderately wounded.
The orc priest misses you.
You barely miss the orc priest.
The orc priest is moderately wounded.
You block the orc priest's attack.
You closely miss the orc priest.
The orc priest is moderately wounded.
The orc priest hits you with a +2 war axe of electrocution.
You are electrocuted!!
* * * LOW HITPOINT WARNING * * *
Sorry, you're not good enough to have a special ability.
Okay, then.
Okay, then.
The orc priest calls down the wrath of Beogh upon you.
Beogh smites you!
You die...

#.# #.# #.###.#
##'## #.# #..##.#
#...## #.####.##.#
...(.## #)#.......#
......###.#..#.##.##
.......##..........#
.......'.......##..#
.......####...o##..#
......## #.....@..#
###..## #.......##
#.## ####.####
ยงยง### #.#


WJ# #<# +####### #.# ...#...#######.# ......)........# .......######### You
could see an orc priest.

Vanquished Creatures
  A bullfrog (D:3)
  A crimson imp (D:2)
  Jessica (D:2)
  An adder (D:2)
  A worm (D:3)
  2 dart slugs
  3 orcs (D:3)
  A ball python (D:2)
  9 bats
  5 giant cockroaches
  8 goblins
  12 hobgoblins
  10 kobolds
  A quokka (D:3)
  5 frilled lizards
  11 rats
72 creatures vanquished.

Vanquished Creatures (others)
  A rat (D:2)
1 creature vanquished.

Grand Total: 73 creatures vanquished

Notes
Turn   | Place    | Note
-------+----------+-------------------------------------------
     0 | D:1      | Devam the Demonspawn Gladiator began the quest for the Orb.
     0 | D:1      | Reached XP level 1. HP: 16/16 MP: 1/1
   213 | D:1      | Reached skill level 3 in Maces & Flails
   301 | D:1      | Gained mutation: You are slightly more attuned to the
                  | shadows. [demonic ancestry]
   301 | D:1      | Reached XP level 2. HP: 22/22 MP: 2/2
   834 | D:1      | Reached XP level 3. HP: 27/27 MP: 3/3
  1018 | D:2      | Noticed Jessica
  1038 | D:2      | Reached skill level 4 in Maces & Flails
  1236 | D:2      | Gained mutation: You have a pair of small antennae on your
                  | head. [demonic ancestry]
  1236 | D:2      | Reached XP level 4. HP: 18/33 MP: 4/4
  1770 | D:2      | Killed Jessica
  1770 | D:2      | Reached skill level 5 in Maces & Flails
  2111 | D:3      | Gained mutation: You sometimes gain a little power by
                  | taking damage. [demonic ancestry]
  2111 | D:3      | Reached XP level 5. HP: 38/38 MP: 5/5
  2422 | D:3      | Reached skill level 1 in Shields
  2446 | D:3      | Found an ancient bone altar of Kikubaaqudgha.
  2743 | D:3      | Found a runed translucent door.
  2752 | D:3      | Noticed MalarOregon's ghost (amateur MfGl)
  2790 | D:3      | Killed from afar by an orc priest

Skill      XL: |  1  2  3  4  5 |
---------------+----------------+-----
Maces & Flails | 3 4 5 |  5.5
Shields        | 1 |  1.4
Fighting       | |  2.0
Throwing       | |  1.7
Dodging        | |  2.6

Action                   |  1- 3 |  4- 6 || total
-------------------------+-------+-------++-------
Melee: Flail             |   155 |   104 ||   259
Throw: Stone             |     1 |     1 ||     2
       Throwing net      |     1 |       ||     1
  Use: Scroll            |       |     4 ||     4
 Stab: Sleeping          |     7 |     7 ||    14
       Distracted        |       |     1 ||     1
  Eat: Chunk             |     1 |     5 ||     6
Armor: Leather armour    |    63 |    24 ||    87
       Ring mail         |       |     6 ||     6
Dodge: Dodged            |   105 |    55 ||   160
Block: Buckler           |       |     6 ||     6
